Map: Overgrowth LE (Void)

Players

Rex - Winner!

  • Race: Zerg Zerg
  • Spawn Location: 7:00

harstem

  • Race: Protoss Protoss
  • Spawn Location: 1:00

Event: WESG 2016 Finals

VOD

Have the link to the VOD?

Description

Time

  • Played on: Jan. 12, 2017, 7:29 a.m.
  • Length: 4:27

All games in this series

Show
View Real Time Build Order
Export as new Build Order

Rex Zerg - Winner!

Build Orders: Hatch First 

Get SALT Encoding   

  12  0:00  Drone  
  13  0:08  Drone  
  14  0:17  Overlord  
  14  0:22  Extractor  
  14  0:23  Drone  
  15  0:36  Drone x2  
  17  0:52  Hatchery  
  17  0:55  Drone  
  17  0:58  Drone  
  18  1:05  Extractor  
  17  1:13  Spawning Pool  
  17  1:15  Drone  
  17  1:19  Drone  
  18  1:27  Drone  
  19  1:37  Overlord  
  19  1:51  Drone  
  20  2:00  Queen, Zergling x2  
  23  2:04  Queen  
  23  2:05  Zergling x2  
  23  2:07  Metabolic Boost  
  26  2:09  Drone  
  27  2:15  Drone  
  27  2:21  Drone  
  29  2:32  Hatchery  
  28  2:40  Evolution Chamber  
  28  2:42  Zergling x2  
  28  2:43  Zergling x4  
  30  2:44  Zergling x2  
  31  2:55  Overlord  
  31  3:00  Overlord  
  31  3:03  Zergling x2  
  32  3:13  Zergling x12  
  32  3:17  Zergling x2  
  32  3:18  Zergling x2  
  40  3:22  Zergling x2  
  40  3:24  Zergling x2  
  42  3:31  Zergling x2  
  43  3:34  Zergling x2  
  43  3:40  Zergling x2  
  45  3:47  Zergling x2  
  46  3:50  Zergling x10  
  50  4:00  Zergling x2  
  50  4:02  Zergling x4  
  50  4:03  Zergling x2  
  50  4:04  Zergling x2  
  50  4:06  Zergling x2  
  45  4:14  Spore Crawler x2  
Show
View Real Time Build Order
Export as new Build Order

harstem Protoss 

Build Orders: 1 Gate Expand, Dark Templar Rush 

Get SALT Encoding   

  12  0:01  Probe (Chrono Boost)  
  13  0:11  Probe (Chrono Boost)  
  14  0:19  Pylon  
  14  0:22  Probe (Chrono Boost)  
  15  0:37  Probe (Chrono Boost), Gateway  
  16  0:45  Assimilator  
  16  0:47  Probe (Chrono Boost)  
  17  0:58  Probe (Chrono Boost)  
  18  1:08  Probe (Chrono Boost)  
  19  1:19  Probe (Chrono Boost)  
  20  1:26  Nexus  
  20  1:30  Cybernetics Core  
  21  1:33  Probe (Chrono Boost)  
  21  1:37  Assimilator  
  21  1:43  Probe (Chrono Boost)  
  22  1:48  Pylon  
  23  1:54  Probe (Chrono Boost)  
  23  2:03  Adept  
  23  2:07  Probe (Chrono Boost)  
  23  2:08  Warp Gate  
  26  2:16  Twilight Council  
  26  2:19  Probe (Chrono Boost)  
  27  2:30  Probe (Chrono Boost)  
  28  2:38  Probe (Chrono Boost)  
  28  2:41  Probe (Chrono Boost)  
  28  2:42  Robotics Facility  
  30  2:48  Probe (Chrono Boost)  
  31  2:54  Probe (Chrono Boost)  
  32  3:01  Dark Shrine  
  32  3:03  Probe (Chrono Boost)  
  32  3:04  Probe (Chrono Boost)  
  34  3:10  Gateway  
  34  3:13  Probe (Chrono Boost)  
  34  3:15  Probe (Chrono Boost)  
  36  3:24  Probe (Chrono Boost)  
  36  3:25  Probe (Chrono Boost)  
  40  3:34  Pylon  
  40  3:36  Probe (Chrono Boost)  
  40  3:37  Mothership Core (Chrono Boost)  
  40  3:38  Assimilator  
  43  3:46  Probe (Chrono Boost)  
  19  4:13  Dark Templar  
  19  4:14  Zealot  
  19  4:15  Probe (Chrono Boost)  
Tags
 
Add a new tag
Caveats
  • Supply blocks, unpowered buildings, or Contaminate may cause inaccurate times.
  • Supply counts are checked every 10 seconds.